 Dungeon Crawl Stone Soup version 0.18.1-48-g4cf74bf (webtiles) character file.

167242 M4edhros the Slinger (level 17, -1/103 HPs)
             Began as an Octopode Artificer on June 21, 2016.
             Was the Champion of Fedhas.
             Slain by a greater naga
             ... wielding a +0 flail
              (23 damage)
             ... on level 3 of the Snake Pit on Sept 5, 2016.
             The game lasted 01:41:37 (36119 turns).

M4edhros the Slinger (Octopode Artificer)          Turns: 36119, Time: 01:41:38

Health: -1/103     AC:  6    Str: 11    XL:     17   Next: 92%
Magic:  24/25      EV: 27    Int: 16    God:    Fedhas [******]
Gold:   952        SH: 15    Dex: 17    Spells: 3 memorised, 15 levels left

rFire  + . .     SeeInvis +     y - +7 hunting sling (evade)
rCold  . . .     Gourm    .     o - +2 shield
rNeg   . . .     Faith    .     J - +1 hat {MR+}
rPois  +         Spirit   .     Z - +2 amulet of reflection
rElec  .         Dismiss  .     O - ring of the Tortoise {AC+1 Str-3 Slay+5}
rCorr  .         Reflect  +     B - ring of stealth
SustAt .         Harm     .     C - ring "Olatouj" {Str+3 Stlth-}
MR     +++..                    v - ring of protection from fire
Stlth  ++++++++..               T - +3 ring of protection
                                (no ring)
                                z - +3 ring of evasion
                                (no ring)

@: lethally poisoned (-1 -> -1), about to teleport, regenerating (expiring),
extremely resistant to hostile enchantments, extraordinarily stealthy
A: almost no armour, amphibious, 8 rings, constrict 8, tentacle spike 2,
camouflage 2, see invisible, magic resistance 1, mutation resistance 1, poison
resistance, gelatinous body 1
a: Evolution, Sunlight, Growth, Reproduction, Rain, Renounce Religion


You were on level 3 of the Snake Pit.
You worshipped Fedhas.
Fedhas was exalted by your worship.
You were hungry.

You visited 5 branches of the dungeon, and saw 29 of its levels.
You also visited: Ice Cave.

You collected 3124 gold pieces.
You spent 2172 gold pieces at shops.

Inventory:

Hand Weapons
 k - a +0 blowgun
 w - a +0 flail of protection
 y - a +7 hunting sling of evasion (weapon)
Missiles
 m - 345 stones
 n - 126 sling bullets (quivered)
 s - 7 curare-tipped needles
Armour
 o - a +2 shield (worn)
 J - a +1 hat of magic resistance (worn)
Rods
 q - a +2 rod of ignition (12/12)
   (You took it off an orc wizard on level 13 of the Dungeon)
 M - a +3 rod of clouds (12/12)
   (You bought it in a shop on level 1 of the Orcish Mines)
Jewellery
 d - an uncursed ring of positive energy
 p - an uncursed amulet of magic regeneration
 v - a ring of protection from fire (on tentacle)
 z - a +3 ring of evasion (on tentacle)
 B - a ring of stealth (right tentacle)
 C - the ring "Olatouj" (on tentacle) {Str+3 Stlth-}
   (You took it off an orc wizard on level 13 of the Dungeon)

   [ring of loudness]

   It affects your strength (+3).
   It makes you less stealthy.
 F - an uncursed ring of ice
 N - an uncursed amulet of dismissal
 O - the ring of the Tortoise (left tentacle) {AC+1 Str-3 Slay+5}
   (You bought it in a shop on level 8 of the Dungeon)

   [ring of protection]

   It affects your AC (+1).
   It affects your strength (-3).
   It affects your accuracy and damage with ranged weapons and melee attacks
   (+5).
 T - a +3 ring of protection (on tentacle)
 X - an uncursed ring of magical power
 Z - a +2 amulet of reflection (around mantle)
Wands
 f - a wand of paralysis (2/24)
 t - a wand of paralysis (17/24)
 E - a wand of polymorph (14/24)
Scrolls
 b - 4 scrolls of remove curse
 i - 5 scrolls of teleportation
 l - 7 scrolls of identify
 r - 9 scrolls of magic mapping
 D - 4 scrolls of recharging
 I - 4 scrolls of fear
 K - a scroll of summoning {unknown}
Potions
 c - a potion of resistance {unknown}
 g - 3 potions of magic
 h - 6 potions of curing
 j - a potion of ambrosia
 u - 2 potions of heal wounds
 A - 2 potions of haste
 G - 3 potions of agility
 L - 3 potions of berserk rage
 P - 2 potions of invisibility
 Q - 6 potions of might
 U - 2 potions of brilliance
 V - 4 potions of flight
Books
 e - the Disquisition on Helpful Ignition
   (You found it in an ice cave)

   Spells                             Type                      Level
   a - Shroud of Golubria             Charms/Translocation         2
   b - Throw Flame                    Conjuration/Fire             2
   c - Conjure Flame                  Conjuration/Fire             3
   d - Spectral Weapon                Hexes/Charms                 3
   e - Sticky Flame                   Conjuration/Fire             4
   f - Deflect Missiles               Charms/Air                   6
 S - a book of Ice

   Spells                             Type                      Level
   a - Ice Form                       Ice/Transmutation            4
   b - Metabolic Englaciation         Hexes/Ice                    5
   c - Ozocubu's Refrigeration        Ice                          6
   d - Bolt of Cold                   Conjuration/Ice              6
   e - Freezing Cloud                 Conjuration/Ice/Air          6
   f - Simulacrum                     Ice/Necromancy               6
Miscellaneous
 Y - a legendary deck of defence {drawn: 2}
Comestibles
 a - 13 meat rations
 H - 26 fruits
 R - 2 bread rations


   Skills:
 - Level 5.4 Fighting
   Level 1.0 Short Blades
 - Level 13.3 Slings
 - Level 11.2 Dodging
 - Level 12.7 Stealth
 * Level 10.4 Shields
 * Level 5.5 Spellcasting
 - Level 7.1 Charms
 - Level 4.2 Necromancy
 - Level 4.1 Translocations
 + Level 11.0 Transmutations
 + Level 11.3 Earth Magic
 - Level 10.6 Invocations
 * Level 9.7 Evocations


You had 15 spell levels left.
You knew the following spells:

 Your Spells              Type           Power        Failure   Level  Hunger
a - Portal Projectile     Tloc           ###...       14%         3    ###....
b - Statue Form           Trmt/Erth      #####....    38%         6    #######
c - Regeneration          Chrm/Necr      ###.......   10%         3    ###....


Dungeon Overview and Level Annotations

Branches:
Dungeon (15/15)            Temple (1/1) D:4            Lair (8/8) D:8
 Shoals (0/4) Lair:4        Snake (3/4) Lair:3        Slime (0/6) Lair:7
    Orc (2/2) D:12            Elf (0/3) Orc:2        Vaults (0/5) D:14
 Depths (0/5) D:15

Altars:
Ashenzari
Cheibriados
Dithmenos
Elyvilon
Fedhas
Gozag
Kikubaaqudgha
Makhleb
Nemelex Xobeh
Okawaru
Pakellas
Qazlal
Ru
Sif Muna
Trog
Vehumet
Xom
Yredelemnul
Zin
The Shining One
Beogh

Shops:
D:4 ?   D:8 =   D:9 (   Orc:1 }   Orc:2 [!*[

Annotations:
D:10 1 runed door


Innate Abilities, Weirdness & Mutations

You cannot wear most types of armour.
You are amphibious.
You can wear up to eight rings at the same time.
You can use your tentacles to constrict eight enemies at once.
Your skin blends seamlessly with your surroundings (Stealth).
Your rubbery body absorbs attacks (AC +1).
One of your tentacles bears a nasty spike.
You have supernaturally acute eyesight.
You are resistant to hostile enchantments.
You are somewhat resistant to further mutation.
Your system is resistant to poisons.


Message History

You are more poisoned.
Firing (i - inventory. (,) - cycle):
n - 127 sling bullets (quivered)
Press: ? - help, Shift-Dir - straight line, f/p - greater naga
Aim: a greater naga, wielding a flail and wearing a robe (severely wounded, fast)
You shoot a sling bullet.
The sling bullet hits the greater naga but does no damage.
The greater naga is severely wounded.
Your skin is crawling a little less now.
The greater naga gestures at you while chanting.
The poison arrow hits you!
You are more poisoned.
You partially resist.
* * * LOW HITPOINT WARNING * * *
Read which item? (? for menu, Esc to quit)
As you read the scroll of teleportation, it crumbles to dust.
You feel strangely unstable.
You feel sick.
The naga ritualist's toxic aura wanes.
The greater naga hits you with a flail!!
You die...
Fedhas appreciates your contribution to the ecosystem.

#.#.# ##÷#.# #.#.#
#.#.# #.#.# #.#.#
##.#.# #.#.# .#.#.#
#.#.# ...#.# ##÷#P#
...#.## ##.##÷#
...##.## ##.##P##
..####.##.######@##.##
.## ##)##((.(NN##.##
## ##.########.##
##.).P....## #####
########## #...# #...#
###...# .....##


You could see a greater naga and a naga ritualist.

Vanquished Creatures
  Agnes (D:15)
  A greater naga (Snake:3)
  2 deep elf sorcerers (D:13)
  Louise (Snake:3)
  4 vault guards (D:14)
  Josephine (Lair:8)
  2 fire dragons
  A yaktaur captain (D:15)
  The ghost of Joat the Ruffian, a journeyman DrMo of Ru (IceCv)
  7 hydras
  A wandering mushroom (Lair:4)
  6 naga warriors
  A catoblepas (Lair:5)
  5 centaur warriors
  10 anacondas
  7 death yaks
  3 ogre magi
  2 naga sharpshooters
  The ghost of DankDingDong the Covert, a novice OpAr of Pakellas (D:11)
  Sonja (D:15)
  7 shock serpents
  An iron troll (Orc:2)
  A salamander mystic (Snake:3)
  An unseen horror (D:14)
  5 naga ritualists
  A deep troll (Orc:2)
  A lindwurm (Lair:8)
  12 hill giants
  A necromancer (Lair:5)
  6 mana vipers
  A hornet (Lair:8)
  2 orc sorcerers (D:13)
  4 salamanders
  A wolf spider (Lair:8)
  5 cyclopes
  11 elephants
  5 deep elf magi
  49 black mambas
  3 guardian serpents (Snake:3)
  2 gargoyles
  A siren (Lair:4)
  A torpor snail (Lair:5)
  18 naga magi
  21 spiny frogs
  2 ice statues (IceCv)
  5 rime drakes
  12 komodo dragons
  A polar bear (Lair:7)
  9 trolls
  8 two-headed ogres
  Prince Ribbit (Lair:3)
  8 slime creatures
  12 blink frogs
  Sigmund (D:5)
  A tarantella (shapeshifter) (D:15)
  4 redbacks (Snake:1)
  24 yaks
  2 wraiths (Lair:8)
  6 wyverns
  7 basilisks
  2 hungry ghosts
  A golden eye (D:7)
  6 vampire mosquitoes
  14 hippogriffs
  4 steam dragons
  2 mottled dragons (Lair:8)
  Edmund (D:6)
  23 nagas
  15 soldier ants
  20 water moccasins
  8 porcupines
  19 ice beasts
  A swamp drake (Lair:8)
  24 orc warriors
  3 slaves (D:7)
  2 black bears (D:12)
  5 phantoms
  4 eyes of draining
  3 sky beasts
  2 wasps (Lair:8)
  25 ogres
  3 wolves (Lair:5)
  A centaur (shapeshifter) (D:15)
  21 centaurs
  15 crocodiles
  4 big kobolds
  A gnoll sergeant (Orc:1)
  19 giant frogs
  A wyvern skeleton (D:13)
  3 scorpions
  11 killer bees
  9 wights
  6 howler monkeys
  5 crimson imps
  A quasit (D:8)
  2 centaur skeletons
  9 hounds
  4 giant frog skeletons
  6 jellies
  14 orc priests
  Ijyb (D:2)
  13 iguanas
  37 orc wizards
  29 worker ants
  4 polar bear simulacra (Lair:5)
  4 yak simulacra (Lair:5)
  9 sheep
  A wolf simulacrum (Lair:5)
  A hound skeleton (D:7)
  A worker ant zombie (D:9)
  19 gnolls
  2 howler monkey skeletons
  19 adders
  60 river rats
  4 shadow imps
  5 oozes
  3 adder skeletons
  2 worms
  3 dart slugs
  5 giant geckos
  105 orcs
  A bat skeleton (D:3)
  A bat zombie (D:3)
  9 giant cockroaches
  16 goblins
  10 hobgoblins
  8 jackals
  3 quokkas
  2 ball pythons
  12 bats
  4 giant newts
  22 kobolds
  A quokka zombie (D:5)
  8 rats
  2 river rat simulacra (Lair:5)
  A ballistomycete (D:15)
  A butterfly (D:10)
  A giant spore (Snake:3)
  A plant (Lair:7)
  5 toadstools
1075 creatures vanquished.

Vanquished Creatures (collateral kills)
  Rupert (Lair:5)
  Gastronok (Lair:3)
  A greater naga (Snake:2)
  4 hydras
  The ghost of sarahorange the Destroyer, a journeyman DrCj of Vehumet (D:11)
  The ghost of Legadrian the Grappler, a novice TrMo of Fedhas (D:11)
  A naga warrior (Snake:3)
  Erolcha (D:10)
  A vampire mage (D:13)
  The ghost of Malvoorn the Carver, a novice DsAK of Lugonu (D:9)
  A queen ant (D:12)
  A deep elf knight (D:15)
  Nergalle (D:11)
  2 shock serpents (Snake:2)
  A naga ritualist (Snake:2)
  3 hill giants
  2 mana vipers (Snake:2)
  A harpy (shapeshifter) (D:15)
  2 ugly things
  3 deep elf magi (D:13)
  A griffon (Lair:5)
  An elephant (Lair:8)
  A guardian serpent (Lair:8)
  5 black mambas
  A centaur skeleton (D:11)
  4 spiny frogs
  A komodo dragon (Lair:8)
  A troll (D:10)
  A raiju (shapeshifter) (D:14)
  A slime creature (D:14)
  A shadow (D:11)
  3 redbacks
  5 yaks
  A wraith (Lair:8)
  Eustachio (D:5)
  2 hippogriffs
  A hungry ghost (D:12)
  5 vampire mosquitoes
  The ghost of M4edhros the Sneak, an amateur OpAr (D:4)
  A naga (Snake:3)
  6 soldier ants (D:12)
  A porcupine (Lair:5)
  2 water moccasins (Lair:5)
  4 orc warriors
  2 ice beasts
  2 sky beasts
  A slave (D:7)
  4 ogres
  A wolf (D:5)
  4 centaurs
  A crocodile (Lair:8)
  A gnoll sergeant (D:7)
  A scorpion (D:8)
  Dowan (D:5)
  6 killer bees
  2 howler monkeys (D:11)
  A crimson imp (D:6)
  2 giant frog zombies
  A quasit (D:5)
  A hound (D:9)
  5 orc wizards
  A giant frog skeleton (D:11)
  An iguana (D:11)
  8 worker ants
  Robin (D:4)
  3 gnolls
  2 adders (Lair:8)
  5 river rats (Lair:4)
  4 orcs
  A giant cockroach (D:10)
  A goblin (D:4)
  A quokka (D:11)
  2 butterflies (D:4)
  7 giant spores
154 creatures vanquished.

Vanquished Creatures (others)
  A centaur warrior (Orc:1)
  A naga sharpshooter (Snake:1)
  A naga mage (Snake:2)
  A redback zombie (D:14)
  56 wandering mushrooms
  A two-headed ogre (Orc:2)
  A redback (Snake:1)
  A soldier ant (D:12)
  A hound (D:4)
  A killer bee zombie (D:11)
  2 worker ant zombies (D:5)
  A gnoll (D:2)
  An adder (D:4)
  An orc (Orc:1)
  9 ballistomycetes
  2 bushes (Lair:8)
  57 fungi
  7 giant spores
  83 plants
  1208 toadstools
1436 creatures vanquished.

Grand Total: 2665 creatures vanquished

Notes
Turn   | Place    | Note
--------------------------------------------------------------
     0 | D:1      | M4edhros the Octopode Artificer began the quest for the Orb.
     0 | D:1      | Reached XP level 1. HP: 13/13 MP: 3/3
   172 | D:1      | Reached XP level 2. HP: 15/18 MP: 4/4
   583 | D:2      | Noticed Ijyb
   590 | D:2      | Killed Ijyb
   590 | D:2      | Reached XP level 3. HP: 19/23 MP: 5/5
   666 | D:3      | Found an iron altar of Okawaru.
   674 | D:3      | Reached skill level 5 in Stealth
   692 | D:3      | Reached XP level 4. HP: 14/28 MP: 6/6
  1158 | D:3      | Found a radiant altar of Vehumet.
  1214 | D:4      | Reached XP level 5. HP: 28/33 MP: 7/7
  1244 | D:4      | Noticed M4edhros's ghost (amateur OpAr)
  1402 | D:4      | Noticed Robin
  1413 | D:4      | Found a staircase to the Ecumenical Temple.
  1418 | Temple   | Entered the Ecumenical Temple
  1548 | Temple   | Became a worshipper of Fedhas Madash
  2112 | D:1      | Reached * piety under Fedhas
  2625 | D:2      | Found a burning altar of Makhleb.
  2707 | D:2      | Reached skill level 1 in Invocations
  2917 | D:2      | Reached ** piety under Fedhas
  3292 | D:3      | Found an ancient bone altar of Kikubaaqudgha.
  3326 | D:3      | Reached XP level 6. HP: 38/38 MP: 8/8
  3435 | D:3      | Upgraded the game from 0.18.1-47-g9310371 to 0.18.1-48-g4cf74bf
  3630 | D:4      | Found a glowing silver altar of Zin.
  3661 | D:4      | Killed Robin
  3674 | D:4      | Killed M4edhros's ghost
  3698 | D:4      | Found Ciymp's Magic Scroll Emporium.
  3833 | D:4      | Bought a scroll of enchant weapon for 82 gold pieces
  3833 | D:4      | Bought a scroll of enchant weapon for 82 gold pieces
  4197 | D:5      | Entered Level 5 of the Dungeon
  4209 | D:5      | Reached skill level 1 in Slings
  4212 | D:5      | Reached *** piety under Fedhas
  4286 | D:5      | Reached XP level 7. HP: 40/43 MP: 9/9
  4358 | D:5      | Noticed Eustachio
  4383 | D:5      | Killed Eustachio
  4426 | D:5      | Reached skill level 2 in Slings
  4469 | D:5      | Noticed Dowan
  4479 | D:5      | Killed Dowan
  4485 | D:5      | Noticed Duvessa
  4489 | D:5      | Noticed Duvessa
  4489 | D:5      | Duvessa changed into Duvessa the wolf
  4490 | D:5      | Killed Duvessa the wolf
  4572 | D:5      | Reached XP level 8. HP: 46/51 MP: 11/11
  4656 | D:5      | Found a shimmering altar of Xom.
  4663 | D:5      | Noticed Sigmund
  4671 | D:5      | Killed Sigmund
  4838 | D:6      | Reached skill level 3 in Slings
  4892 | D:6      | Noticed a hill giant
  4908 | D:6      | Killed a hill giant
  5018 | D:6      | Found an oddly glowing altar of Pakellas.
  5220 | D:6      | Reached skill level 4 in Slings
  5245 | D:6      | Reached XP level 9. HP: 30/57 MP: 12/12
  5255 | D:6      | Found a sparkling altar of Nemelex Xobeh.
  5281 | D:6      | Found a snail-covered altar of Cheibriados.
  5338 | D:6      | Reached skill level 5 in Invocations
  5346 | D:6      | Reached skill level 10 in Stealth
  5354 | D:6      | Found a bloodstained altar of Trog.
  5558 | D:6      | Noticed Edmund
  5569 | D:6      | Killed Edmund
  5784 | D:7      | Reached skill level 5 in Evocations
  5823 | D:7      | Noticed Pikel
  5825 | D:7      | Noticed Pikel
  5825 | D:7      | Pikel changed into Pikel the golden eye
  5830 | D:7      | Killed Pikel the golden eye
  6035 | D:7      | Found a shadowy altar of Dithmenos.
  6101 | D:7      | Gained mutation: You are clumsy. (Dex -2) [mutagenic meat]
  6157 | D:7      | Reached **** piety under Fedhas
  6802 | D:7      | Reached skill level 5 in Dodging
  6944 | D:8      | Reached skill level 5 in Slings
  6959 | D:8      | Gained mutation: One of your tentacles bears a spike. [mutagenic meat]
  6960 | D:8      | Gained mutation: You are somewhat resistant to further mutation. [mutagenic meat]
  6962 | D:8      | Gained mutation: Your magical capacity is low (-10% MP). [mutagenic meat]
  7119 | D:8      | Reached XP level 10. HP: 63/63 MP: 13/13
  7182 | D:8      | Found Efuybuuj's Jewellery Emporium.
  7244 | D:8      | Found a stormy altar of Qazlal.
  7297 | D:8      | Found a sacrificial altar of Ru.
  7394 | D:8      | Found a blossoming altar of Fedhas.
  7666 | D:8      | Found a staircase to the Lair.
  7706 | D:8      | Bought the ring of the Tortoise {AC+1 Str-3 Slay+5} for 296 gold pieces
  7747 | D:8      | Found a stormy altar of Qazlal.
  7748 | D:8      | Noticed a four-headed hydra
  7756 | D:8      | Killed a four-headed hydra
  7996 | D:9      | Found an opulent altar of Gozag.
  8004 | D:9      | Noticed Malvoorn's ghost (novice DsAK)
  8016 | D:9      | Killed Malvoorn's ghost
  8016 | D:9      | Reached skill level 6 in Slings
  8081 | D:9      | Reached ***** piety under Fedhas
  8293 | D:9      | Reached skill level 5 in Fighting
  8307 | D:9      | Found Cycybo's Antique Weapon Shoppe.
  8873 | D:10     | Entered Level 10 of the Dungeon
  8934 | D:10     | Found a runed door.
  8947 | D:10     | Found a runed door.
  9052 | D:10     | Noticed Erolcha
  9064 | D:10     | Killed Erolcha
  9064 | D:10     | Reached XP level 11. HP: 72/72 MP: 15/15
  9140 | D:10     | Reached skill level 7 in Slings
  9240 | D:10     | Noticed a hill giant
  9250 | D:10     | Killed a hill giant
 10090 | D:11     | Noticed a hill giant
 10110 | D:11     | Killed a hill giant
 10125 | D:11     | Gained mutation: You are very clumsy. (Dex -4) [mutagenic meat]
 10128 | D:11     | Gained mutation: You are weak. (Str -2) [mutagenic meat]
 10132 | D:11     | Lost mutation: You are very clumsy. (Dex -4) [potion of cure mutation]
 10132 | D:11     | Lost mutation: You are clumsy. (Dex -2) [potion of cure mutation]
 10132 | D:11     | Lost mutation: You are weak. (Str -2) [potion of cure mutation]
 10132 | D:11     | Lost mutation: Your magical capacity is low (-10% MP). [potion of cure mutation]
 10160 | D:11     | Reached skill level 8 in Slings
 10163 | D:11     | Noticed Nergalle
 10170 | D:11     | Killed Nergalle
 10173 | D:11     | Noticed a seven-headed hydra
 10177 | D:11     | Killed a seven-headed hydra
 10216 | D:11     | Noticed sarahorange's ghost (journeyman DrCj)
 10239 | D:11     | Noticed DankDingDong's ghost (novice OpAr)
 10250 | D:11     | Killed DankDingDong's ghost
 10599 | D:11     | Noticed Legadrian's ghost (novice TrMo)
 10619 | D:11     | Killed Legadrian's ghost
 10619 | D:11     | Reached skill level 10 in Invocations
 10644 | D:11     | Noticed a hill giant
 10655 | D:11     | Killed a hill giant
 10680 | D:11     | Killed sarahorange's ghost
 10680 | D:11     | Reached skill level 9 in Slings
 10680 | D:11     | Reached XP level 12. HP: 40/77 MP: 15/19
 12076 | D:12     | Noticed a six-headed hydra
 12087 | D:12     | Killed a six-headed hydra
 12087 | D:12     | Reached skill level 10 in Slings
 12161 | D:12     | Found a roughly hewn altar of Beogh.
 12231 | D:12     | Found a staircase to the Orcish Mines.
 12449 | D:12     | Gained mutation: You are resistant to hostile enchantments. [mutagenic meat]
 12703 | D:12     | Noticed a queen ant
 12712 | D:12     | Killed a queen ant
 12712 | D:12     | Reached skill level 11 in Slings
 13156 | D:12     | Reached ****** piety under Fedhas
 13652 | D:13     | Reached XP level 13. HP: 65/82 MP: 13/20
 13674 | D:13     | Reached skill level 12 in Slings
 14736 | D:13     | Found a deep blue altar of Sif Muna.
 14764 | D:13     | Reached skill level 10 in Dodging
 14768 | D:13     | Noticed a deep elf sorcerer
 14779 | D:13     | Killed a deep elf sorcerer
 14779 | D:13     | Reached skill level 13 in Slings
 14930 | D:13     | Noticed a deep elf sorcerer
 14942 | D:13     | Killed a deep elf sorcerer
 15043 | D:13     | Got a warped iron ring
 15066 | D:13     | Identified Saptarei's Incunabulum of the Volcanoes and the Traveller
 15068 | D:13     | Identified the Collected Works on Poisoning and Shape Shifting
 15091 | D:13     | Learned a level 3 spell: Portal Projectile
 15098 | D:13     | Learned a level 6 spell: Statue Form
 15098 | D:13     | Identified the ring "Olatouj" {Str+3 Stlth-} (You took it off an orc wizard on level 13 of the Dungeon)
 15107 | D:13     | Identified a +1 rod of ignition (11/11) (You took it off an orc wizard on level 13 of the Dungeon)
 15113 | D:13     | Identified Nebyerch's Handbook of the Glacier and Talismans (You found it on level 13 of the Dungeon)
 15129 | D:13     | Learned a level 3 spell: Regeneration
 15157 | D:13     | Identified the Catalogue of Feathers and Creation
 15202 | D:13     | Identified the Tome of Transmutation and Combat Magic
 15398 | D:14     | Reached skill level 1 in Transmutations
 15398 | D:14     | Reached skill level 1 in Earth Magic
 15473 | D:14     | Reached skill level 1 in Charms
 15580 | D:14     | Reached skill level 1 in Necromancy
 15642 | D:14     | Reached skill level 1 in Translocations
 15715 | D:14     | Noticed a vault guard
 15731 | D:14     | Killed a vault guard
 16056 | D:14     | Reached XP level 14. HP: 88/88 MP: 21/21
 16381 | D:14     | Found a gate to the Vaults.
 16852 | D:15     | Entered Level 15 of the Dungeon
 16882 | D:15     | Noticed Sonja
 16889 | D:15     | Killed Sonja
 17046 | D:15     | Reached skill level 5 in Transmutations
 17690 | D:15     | Found a staircase to the Depths.
 17716 | D:15     | Reached skill level 5 in Earth Magic
 17741 | D:15     | Noticed Agnes
 18024 | D:15     | Killed Agnes
 18354 | Lair:1   | Entered Level 1 of the Lair of Beasts
 19621 | Lair:2   | Found a basalt altar of Yredelemnul.
 20715 | Lair:3   | Noticed Prince Ribbit
 20739 | Lair:3   | Killed Prince Ribbit
 20739 | Lair:3   | Reached skill level 1 in Shields
 20901 | Lair:3   | Reached XP level 15. HP: 92/92 MP: 22/22
 20953 | Lair:3   | Found a staircase to the Snake Pit.
 21115 | Lair:3   | Noticed Gastronok
 21139 | Lair:3   | Killed Gastronok
 22167 | Lair:4   | Found a staircase to the Shoals.
 22910 | Lair:5   | Noticed Rupert
 22939 | Lair:5   | Killed Rupert
 23565 | Lair:5   | Reached skill level 5 in Charms
 23852 | Lair:5   | Reached skill level 5 in Shields
 25397 | Lair:7   | Found a staircase to the Slime Pits.
 25509 | Lair:7   | Found a frozen archway.
 25626 | IceCv    | Entered an ice cave
 25626 | IceCv    | Noticed Joat's ghost (journeyman DrMo)
 25639 | IceCv    | Killed Joat's ghost
 25696 | IceCv    | Identified the Disquisition on Helpful Ignition
 26522 | Lair:8   | Entered Level 8 of the Lair of Beasts
 26772 | Lair:8   | Reached XP level 16. HP: 99/99 MP: 23/23
 26783 | Lair:8   | Noticed Josephine
 26819 | Lair:8   | Killed Josephine
 27211 | Lair:8   | Gained mutation: Your skin blends seamlessly with your surroundings (Stealth). [potion of mutation]
 27787 | Lair:8   | Gained mutation: Your system is resistant to poisons. [mutagenic meat]
 28481 | Lair:8   | Reached skill level 10 in Earth Magic
 28575 | Lair:8   | Got a warped shortbow
 29334 | Orc:1    | Entered Level 1 of the Orcish Mines
 29500 | Orc:1    | Reached skill level 10 in Transmutations
 29766 | Orc:1    | Found Xeomp's Gadget Shoppe.
 29913 | Orc:2    | Entered Level 2 of the Orcish Mines
 29986 | Orc:2    | Found a staircase to the Elven Halls.
 30215 | Orc:2    | Found Myahaolo's Distillery.
 30328 | Orc:2    | Reached skill level 1 in Spellcasting
 30387 | Orc:2    | Found Fyxeiz's Armour Shop.
 30461 | Orc:2    | Found Digeo's Assorted Antiques.
 30490 | Orc:2    | Found Tekk's Armour Boutique.
 31138 | Orc:2    | Bought a potion of agility for 64 gold pieces
 31138 | Orc:2    | Bought a potion of might for 64 gold pieces
 31138 | Orc:2    | Bought a potion of heal wounds for 80 gold pieces
 31138 | Orc:2    | Bought a potion of might for 64 gold pieces
 31138 | Orc:2    | Bought a potion of heal wounds for 80 gold pieces
 31289 | Orc:1    | Bought a +1 rod of clouds (11/11) for 1360 gold pieces
 31500 | Snake:1  | Entered Level 1 of the Snake Pit
 32071 | Snake:1  | Reached XP level 17. HP: 92/103 MP: 24/24
 34422 | Snake:3  | Found an ancient bone altar of Kikubaaqudgha.
 34631 | Snake:3  | Gained mutation: One of your tentacles bears a nasty spike. [mutagenic meat]
 34883 | Snake:3  | Noticed Louise
 34967 | Snake:3  | Reached skill level 10 in Shields
 34977 | Snake:3  | Killed Louise
 35085 | Snake:3  | Gained mutation: You have supernaturally acute eyesight. [potion of mutation]
 35103 | Snake:3  | Reached skill level 5 in Spellcasting
 36119 | Snake:3  | Slain by a greater naga

Skill      XL: |  1  2  3  4  5  6  7  8  9 10 11 12 13 14 15 16 17 |
---------------+----------------------------------------------------+-----
Stealth        | 3 4 5 6 7 8 9 11 12 | 12.7
Invocations    | 1 2 3 4 6 8 10 | 10.6
Slings         | 1 2 4 5 6 9 11 13 | 13.3
Dodging        | 3 4 5 6 7 9 10 11 | 11.2
Fighting       | 2 3 4 5 |  5.4
Evocations     | 4 5 6 7 9 |  9.7
Transmutations | 3 6 9 10 11 | 11.0
Earth Magic    | 2 6 9 10 11 | 11.3
Charms         | 2 4 6 7 |  7.1
Necromancy     | 2 4 |  4.2
Translocations | 1 4 |  4.1
Shields        | 1 6 8 10 | 10.4
Spellcasting   | 2 5 |  5.5
Short Blades   | |  1.0

Action                   |  1- 3 |  4- 6 |  7- 9 | 10-12 | 13-15 | 16-18 || total
-------------------------+-------+-------+-------+-------+-------+-------++-------
Melee: Short sword       |    42 |    74 |     5 |       |     3 |       ||   124
       Constrict         |    10 |    38 |     1 |     1 |       |     1 ||    51
       Tentacles         |     5 |    17 |     1 |     4 |    13 |     1 ||    41
       Halberd           |       |    57 |       |       |       |       ||    57
       Spear             |       |       |       |    20 |    10 |       ||    30
       Kick              |       |       |       |     4 |    20 |     2 ||    26
       Hunting sling     |       |       |       |       |     2 |       ||     2
       Flail             |       |       |       |       |    32 |     3 ||    35
 Fire: Hunting sling     |       |    21 |   378 |  1031 |  1951 |  1967 ||  5348
 Cast: Regeneration      |       |       |       |       |     8 |    37 ||    45
Invok: Evolution         |       |     3 |     3 |    13 |    16 |    24 ||    59
       Sunlight          |       |       |     4 |     5 |    10 |     2 ||    21
       Reproduction      |       |       |       |     2 |     5 |     7 ||    14
       Rain              |       |       |       |       |     2 |       ||     2
Evoke: Wand              |       |    19 |     6 |    12 |     5 |     9 ||    51
       Rod               |       |       |       |       |     2 |     3 ||     5
       Deck              |       |       |       |       |       |     2 ||     2
  Use: Potion            |     2 |       |       |     6 |     6 |     9 ||    23
       Scroll            |       |    12 |       |     9 |    16 |     9 ||    46
 Stab: Sleeping          |    11 |    24 |     1 |       |     1 |       ||    37
       Distracted        |       |     1 |       |       |       |       ||     1
       Paralysed         |       |       |       |     5 |    10 |     3 ||    18
  Eat: Chunk             |       |     2 |     8 |    13 |    12 |    22 ||    57
       Bread ration      |       |     1 |     1 |     1 |     7 |     4 ||    14
       Meat ration       |       |     1 |       |       |       |       ||     1
       Royal jelly       |       |       |     1 |     1 |       |     1 ||     3
       Pizza             |       |       |       |     3 |     1 |       ||     4
       Beef jerky        |       |       |       |     1 |     2 |     1 ||     4
Armor: Skin              |     1 |    15 |     4 |    29 |    33 |    14 ||    96
Dodge: Dodged            |    26 |    77 |   105 |   207 |   322 |   388 ||  1125
Block: Shield            |       |       |       |       |    90 |   392 ||   482
       Reflection        |       |       |       |       |       |    31 ||    31
